 Dungeon Crawl Stone Soup version 0.31.0-11-ge490571c62 (webtiles) character file.

Game seed: 404468317695630193

40 Arctor the Firebug (level 3, -2/19 HPs)
             Began as a Deep Elf Fire Elementalist on Feb 4, 2024.
             Killed from afar by Natasha (7 damage)
             ... with a magic dart
             ... on level 2 of the Dungeon.
             The game lasted 00:00:44 (1317 turns).

Arctor the Firebug (Deep Elf Fire Elementalist)     Turns: 1317, Time: 00:00:46

Health: -2/19      AC:  4    Str:  5    XL:     3   Next: 30%
Magic:  4/10       EV: 13    Int: 21    God:
Gold:   72         SH:  0    Dex: 15    Spells: 8/9 levels left

rFire   . . .        (no weapon)
rCold   . . .        (no shield)
rNeg    . . .        a - +0 robe
rPois   .            (no helmet)
rElec   .            i - +1 cloak
rCorr   .            (no gloves)
SInv    .            (no boots)
Will    .....        (no amulet)
Stlth   ++           c - ring of flight
HPRegen 0.23/turn    (no ring)
MPRegen 0.12/turn

%: no passive effects
@: flying, slowed, very slow
A: no striking features
a: no special abilities


You were on level 2 of the Dungeon.
You visited 1 branch of the dungeon, and saw 2 of its levels.

You collected 72 gold pieces.

Inventory:

Armour
 a - a +0 robe (worn)
 i - a +1 cloak (worn)
Jewellery
 c - a ring of flight (left hand)
Scrolls
 d - 2 scrolls of teleportation {unknown}
 e - a scroll of acquirement {unknown}
 h - a scroll of noise {unknown}
Potions
 b - a potion of magic
 f - a potion of curing {unknown}
 g - a potion of invisibility {unknown}


   Skills:
 + Level 3.0 Dodging
 + Level 3.0 Stealth
 + Level 3.5 Spellcasting
 + Level 1.9 Conjurations
 + Level 3.6 Fire Magic


You had 8 spell levels left.
You knew the following spells:

 Your Spells              Type           Power      Damage    Failure   Level
a - Foxfire               Conj/Fire      60%        2x1d7     4%          1

Your spell library contained the following spells:

 Spells                   Type           Power      Damage    Failure   Level
 Scorch                   Fire           38%        2d6       4%          2
 Inner Flame              Hex/Fire       11%        N/A       19%         3
 Volatile Blastmotes      Fire/Tloc      22%        2d11      19%         3
 Flame Wave               Conj/Fire      15%        2d7       36%         4


Dungeon Overview and Level Annotations

Branches:
Dungeon (2/15)

Altars:

Annotations:
D:2 Natasha


Message History

You don't know that spell.
Your foxfire dissipates!
The foxfire hits Natasha.
Natasha is heavily wounded.
Natasha closely misses you.
Casting: Foxfire (safe; 4% risk of failure)
Confirm with . or Enter, or press ? or * to list all spells.
You don't know that spell.
Casting: Foxfire (safe; 4% risk of failure)
Confirm with . or Enter, or press ? or * to list all spells.
You conjure some foxfire!
Natasha claws you but does no damage.
Casting: Foxfire (safe; 4% risk of failure)
Confirm with . or Enter, or press ? or * to list all spells.
There is not enough space to conjure foxfire!
Your foxfire dissipates!
The foxfire hits Natasha.
Natasha is severely wounded.
Natasha casts a spell at you. You resist with some effort.
There is a stone staircase leading up here.
Casting: Foxfire (safe; 4% risk of failure)
Confirm with . or Enter, or press ? or * to list all spells.
You conjure some foxfire!
The foxfire hits Natasha.
Natasha is severely wounded.
You hit Natasha.
Natasha is almost dead.
The foxfire hits Natasha.
Natasha is almost dead.
Unknown command.
You hit Natasha but do no damage.
Natasha is almost dead.
Natasha casts a spell at you.
You feel yourself slow down.
Casting: Foxfire (safe; 4% risk of failure)
Confirm with . or Enter, or press ? or * to list all spells.
You conjure some foxfire!
Natasha casts a spell at you. The magic dart hits you!
You die...
Natasha begins licking her fur clean.

... ...# .# ..# #..#
#.# # #.. # ...##
##.# #...#.#
....###..# #.#$#.#.#
.....#...# #....)..#
....###..#######.###
.....#...##....#hv.#
.........##.##.#@#.#
...###.#.##.##)###.#
...# #....#........#
...# ##.#.######.###
...# #...>......#
...# ############
...... #.....
.......


You could see Natasha (ally target).

Vanquished Creatures
  2 adders (D:2)
  2 endoplasms
  4 giant cockroaches
  3 goblins (D:2)
  2 hobgoblins
  A ball python (D:2)
  3 bats (D:1)
  A frilled lizard (D:1)
  A kobold (D:1)
  A rat (D:1)
20 creatures vanquished.

Vanquished Creatures (others)
  110 foxfires
110 creatures vanquished.

Grand Total: 130 creatures vanquished

Notes
Turn   | Place    | Note
-------+----------+-------------------------------------------
     0 | D:1      | Arctor the Deep Elf Fire Elementalist began the quest for
                  | the Orb.
     0 | D:1      | Reached XP level 1. HP: 10/10 MP: 6/6
     2 | D:1      | Noticed a spriggan
     2 | D:1      | Noticed an oni
     4 | D:1      | Noticed a vine stalker
     4 | D:1      | Noticed a merfolk
     6 | D:1      | Noticed a ghoul
     6 | D:1      | Noticed a minotaur
     8 | D:1      | Noticed an octopode
     8 | D:1      | Noticed a demonspawn
    20 | D:1      | Noticed a barachi
    20 | D:1      | Noticed a demigod
    22 | D:1      | Noticed an armataur
    22 | D:1      | Noticed a human
    24 | D:1      | Noticed a formicid
    26 | D:1      | Noticed a naga
    26 | D:1      | Noticed a troll
    28 | D:1      | Noticed a gargoyle
    30 | D:1      | Noticed a djinni
    30 | D:1      | Noticed a draconian
    32 | D:1      | Noticed a felid
    34 | D:1      | Noticed a tengu
    36 | D:1      | Noticed a vampire
    36 | D:1      | Noticed an elf
   621 | D:1      | Reached XP level 2. HP: 15/15 MP: 2/8
   698 | D:1      | Found a faded altar of an unknown god.
  1125 | D:2      | Reached XP level 3. HP: 19/19 MP: 2/9
  1300 | D:2      | Noticed Natasha
  1317 | D:2      | Killed from afar by Natasha

Illustrated notes

Levels and vault maps discovered:
D:1:      kb_arrival_jail, layout_rooms, hellmonk_ecumenical_altar_zigzags,
          amcnicky_mini_rare_corridor_liquid
D:2:      layout_basic, nicolae_half_adder, uniq_terence, uniq_natasha

Skill      XL: |  1  2  3 |
---------------+----------+-----
Dodging        | 3 |  3.0
Stealth        | 3 |  3.0
Spellcasting   | |  3.5
Conjurations   | |  1.9
Fire Magic     | |  3.6

Action                     || total
---------------------------++-------
  Melee: Unarmed           ||    27
   Cast: Foxfire           ||    76
 Armour: Robe              ||    28
  Dodge: Dodged            ||    24
